Map: Terrasses de Prion

Players

Gyyyzmo

  • Race: Terran Terran
  • League: Diamond

TheObcd - Winner!

  • Race: Protoss Protoss
  • League: Gold

VOD

Have the link to the VOD?

Description

^^

Time

  • Played on: May 5, 2016, 3:42 p.m.
  • Length: 13:42
Show
View Real Time Build Order
Export as new Build Order

Gyyyzmo Terran 

Build Orders: Command Center First (CC) 

Get SALT Encoding   

  12  0:01  SCV  
  13  0:13  SCV  
  14  0:21  Supply Depot  
  14  0:27  SCV  
  16  0:42  SCV  
  16  0:55  SCV  
  17  1:02  Refinery  
  17  1:07  Command Center  
  18  1:11  SCV  
  18  1:21  Engineering Bay  
  18  1:36  Barracks  
  18  1:46  Barracks  
  18  1:50  SCV  
  19  2:02  Barracks  
  19  2:07  SCV  
  20  2:30  Marine  
  20  2:35  Bunker, Marine  
  22  2:48  Marine  
  22  2:49  Barracks  
  23  2:53  Marine  
  13  3:25  Marine  
  13  3:26  Marine  
  13  3:42  Marine  
  13  3:43  Marine x2  
  16  4:00  SCV  
  17  4:07  SCV  
  18  4:14  Marine  
  18  4:16  SCV  
  17  4:38  Supply Depot  
  17  4:42  SCV  
  18  4:48  SCV  
  19  4:54  SCV  
  20  5:02  Orbital Command  
  20  5:07  Orbital Command  
  20  5:12  Marine  
  21  5:15  Marine  
  21  5:18  Marine  
  23  5:21  Marine  
  24  5:31  SCV  
  24  5:33  Barracks Tech Lab  
  24  5:34  Marine  
  26  5:38  Marine  
  26  5:42  Marine  
  28  5:45  SCV  
  29  5:51  Marine, Stimpack  
  29  5:53  SCV  
  29  5:54  Marine  
  32  6:03  SCV  
  33  6:05  Refinery  
  33  6:12  Marine x3  
  33  6:13  Marine  
  33  6:18  Supply Depot  
  36  6:37  Marine x2  
  36  6:39  Marine x2  
  40  6:41  Supply Depot  
  40  6:44  Factory  
  40  6:55  Marine x2  
  40  6:57  Marine x2  
  39  7:21  Barracks Reactor  
  38  7:23  Barracks Reactor  
  38  7:24  Barracks Reactor  
  38  7:26  Orbital Command  
  38  7:29  Barracks  
  36  7:35  Factory Reactor  
  36  7:39  Starport  
  36  8:02  Marine x4  
  40  8:13  Marine x3  
  40  8:15  SCV x2  
  45  8:30  Marine x4  
  48  8:39  Medivac  
  48  8:40  Medivac  
  52  8:47  Engineering Bay  
  52  8:53  Marine x2  
  52  8:55  Barracks Tech Lab  
  54  9:00  Factory Tech Lab  
  54  9:04  Supply Depot  
  54  9:06  Marine x4  
  58  9:12  Missile Turret  
  58  9:18  Missile Turret  
  58  9:30  Marine x5  
  63  9:53  SCV x2  
  65  10:03  Supply Depot  
  65  10:05  SCV x2  
  65  10:06  Supply Depot  
  42  10:17  SCV x2  
  42  10:20  Marine x7  
  36  10:59  Marine x3  
  39  11:10  Marine x3  
  39  11:11  Marine x2  
  44  11:15  Medivac  
  44  11:17  Marine x3  
  49  11:19  SCV x2  
  51  11:28  Marine x2  
  51  11:29  Command Center, Marauder x2  
  57  11:35  Marine  
  57  11:36  Marine  
  47  11:55  Marine  
  47  11:58  Marine x6  
  51  12:02  Marine  
  48  12:12  Marine  
  48  12:15  Marine  
  48  12:21  Marine x2  
  48  12:22  Marine x2  
  35  12:45  Marine  
  35  12:46  Marauder  
  38  12:51  Marine  
  38  12:52  Marine  
  38  12:57  Orbital Command  
  40  13:05  Marine  
Show
View Real Time Build Order
Export as new Build Order

TheObcd Protoss - Winner!

Build Orders:  

Get SALT Encoding   

  12  0:11  Pylon  
  12  0:19  Probe (Chrono Boost)  
  13  0:29  Gateway  
  13  0:34  Probe (Chrono Boost)  
  14  0:45  Assimilator, Probe (Chrono Boost)  
  15  0:55  Probe (Chrono Boost)  
  16  1:07  Gateway  
  16  1:12  Probe (Chrono Boost)  
  16  1:16  Cybernetics Core  
  17  1:33  Pylon  
  17  1:40  Zealot (Chrono Boost)  
  19  1:52  Mothership Core (Chrono Boost)  
  21  1:56  Adept (Chrono Boost)  
  23  2:05  Adept  
  25  2:25  Pylon  
  25  2:30  Pylon  
  25  2:32  Pylon  
  25  2:34  Pylon  
  25  2:37  Pylon  
  25  2:43  Pylon  
  25  2:44  Adept  
  23  3:28  Adept x2  
  25  3:42  Pylon  
  25  3:54  Probe (Chrono Boost)  
  26  4:15  Nexus  
  24  4:41  Adept  
  24  4:42  Adept  
  24  4:44  Probe (Chrono Boost)  
  29  4:55  Probe (Chrono Boost)  
  30  5:05  Probe (Chrono Boost)  
  31  5:09  Adept x2  
  31  5:11  Stargate  
  35  5:16  Probe (Chrono Boost)  
  36  5:26  Probe (Chrono Boost)  
  38  5:28  Probe (Chrono Boost)  
  38  5:36  Adept x2  
  38  5:37  Probe (Chrono Boost)  
  38  5:42  Probe (Chrono Boost)  
  44  5:47  Probe (Chrono Boost)  
  45  5:51  Probe (Chrono Boost)  
  45  5:56  Oracle (Chrono Boost)  
  49  5:58  Probe  
  49  6:00  Warp Gate (Chrono Boost)  
  50  6:38  Probe  
  51  6:41  Probe  
  51  6:42  Adept x2  
  51  6:45  Assimilator x2  
  56  6:48  Pylon  
  56  6:50  Pylon  
  45  7:16  Probe  
  45  7:17  Probe, Oracle  
  40  7:27  Probe  
  40  7:29  Probe  
  42  7:36  Gateway x2  
  42  7:37  Gateway, Mothership Core  
  42  7:40  Gateway  
  44  7:45  Probe  
  45  7:53  Forge  
  45  7:56  Probe  
  45  7:57  Probe  
  47  7:58  Gateway  
  47  8:02  Gateway  
  47  8:06  Pylon  
  47  8:07  Pylon  
  47  8:08  Adept x2  
  50  8:20  Probe, Oracle  
  54  8:28  Probe  
  55  8:36  Sentry  
  55  8:37  Sentry  
  59  8:53  Adept x4  
  67  8:57  Protoss Ground Weapons Level 1 (Chrono Boost)  
  67  9:06  Adept  
  67  9:07  Adept x2  
  67  9:09  Probe  
  74  9:13  Oracle  
  77  9:20  Nexus  
  77  9:22  Probe, Pylon  
  77  9:23  Probe  
  79  9:48  Probe  
  79  9:50  Adept x5  
  79  9:51  Adept x2  
  94  9:59  Pylon x2  
  94  10:00  Pylon  
  94  10:01  Pylon  
  94  10:07  Probe  
  94  10:08  Probe  
  78  10:14  Sentry  
  78  10:15  Sentry x2  
  82  10:29  Robotics Facility  
  73  10:48  Probe  
  73  10:49  Probe  
  69  10:56  Adept x8  
  79  11:00  Probe  
  79  11:01  Probe  
  79  11:03  Assimilator  
  77  11:05  Assimilator  
  77  11:12  Probe  
  78  11:21  Adept x6  
  90  11:28  Probe  
  90  11:31  Observer (Chrono Boost)  
  92  11:35  Nexus  
  92  11:36  Probe x2  
  77  11:55  Adept x5  
  77  11:56  Adept x3  
  86  12:17  Adept x3  
  86  12:18  Adept x4  
  96  12:36  Mothership Core  
  94  12:42  Adept x4  
  100  12:52  Probe  
  100  12:53  Probe  
  102  13:08  Assimilator  
  102  13:16  Probe  
  102  13:19  Probe x2  
  99  13:22  Adept x2  
  99  13:23  Adept x4  
Tags
 
Add a new tag
Caveats
  • Supply blocks, unpowered buildings, or Contaminate may cause inaccurate times.
  • Supply counts are checked every 10 seconds.